 Dungeon Crawl Stone Soup version 0.21-b1-23-g1fb0a74 (webtiles) character file.

267 Flooderbenga the Vexing (level 6, 47/47 HPs)
             Began as a Gnoll Arcane Marksman on Jan 5, 2018.
             Was an Initiate of Nemelex Xobeh.
             Got out of the dungeon alive.
             The game lasted 00:30:51 (3981 turns).

Flooderbenga the Vexing (Gnoll Arcane Marksman)     Turns: 3981, Time: 00:30:51

Health: 47/47      AC:  4    Str: 12    XL:     6   Next: 21%
Magic:  11/11      EV: 15    Int: 16    God:    Nemelex Xobeh [......]
Gold:   233        SH:  0    Dex: 17    Spells: 4/11 levels left

rFire    . . .     SeeInvis .   b - +1 dagger (venom)
rCold    . . .     Gourm    .   (no shield)
rNeg     . . .     Faith    .   e - +0 robe
rPois    .         Spirit   .   o - +2 hat
rElec    .         Reflect  .   (no cloak)
rCorr    .         Harm     .   (no gloves)
MR       .....                  (no boots)
Stlth    ++........             (no amulet)
HPRegen  0.15/turn              (no ring)
MPRegen  0.12/turn              (no ring)

@: no status effects
A: distributed training, fangs 1, strong nose
a: Renounce Religion


You escaped.
You worshipped Nemelex Xobeh.
Nemelex Xobeh was noncommittal.
You were hungry.

You visited 1 branch of the dungeon, and saw 3 of its levels.

You collected 233 gold pieces.

Inventory:

Hand Weapons
 a - a +0 hand crossbow
 b - a +1 dagger of venom (weapon)
 g - a +0 club
 k - a +2 short sword of venom
 v - a +0 blowgun
Missiles
 d - 10 bolts
 h - 101 arrows
 m - 57 poisoned needles
 u - 91 stones (quivered)
Armour
 e - a +0 robe (worn)
 o - a +2 hat (worn)
Jewellery
 s - an uncursed ring of magical power {unknown}
Wands
 y - a wand of acid (3)
Scrolls
 l - a scroll of remove curse {@r2}
 p - a scroll of teleportation {@r3}
 r - 2 scrolls of identify {@r1}
 w - a scroll of enchant weapon {unknown}
Potions
 i - 2 potions of lignification
 j - a potion of brilliance
 q - 3 potions of curing {@q1}
 t - a potion of resistance {unknown}
Books
 c - a book of Debilitation

   Spells                             Type                      Level
   a - Corona                         Hexes                        1
   b - Slow                           Hexes                        2
   c - Inner Flame                    Hexes/Fire                   3
   d - Portal Projectile              Hexes/Translocation          3
   e - Cause Fear                     Hexes                        4
   f - Leda's Liquefaction            Hexes/Earth                  4
Miscellaneous
 n - a legendary deck of destruction {drawn: 1}
Comestibles
 f - 5 rations


   Skills:
 + Level 3.1 Fighting
 + Level 1.8 Short Blades
 + Level 1.8 Long Blades
 + Level 1.8 Axes
 + Level 1.8 Maces & Flails
 + Level 1.8 Polearms
 + Level 1.8 Staves
 + Level 1.8 Slings
 + Level 1.8 Bows
 + Level 4.9 Crossbows
 + Level 1.8 Throwing
 + Level 1.8 Armour
 + Level 4.9 Dodging
 + Level 1.8 Stealth
 + Level 1.8 Shields
 + Level 1.8 Unarmed Combat
 + Level 3.3 Spellcasting
 + Level 1.4 Conjurations
 + Level 5.6 Hexes
 + Level 1.4 Charms
 + Level 1.4 Summonings
 + Level 1.4 Necromancy
 + Level 1.4 Translocations
 + Level 1.4 Transmutations
 + Level 1.4 Fire Magic
 + Level 1.4 Ice Magic
 + Level 1.4 Air Magic
 + Level 1.4 Earth Magic
 + Level 1.4 Poison Magic
 + Level 2.0 Invocations
 + Level 1.8 Evocations


You had 4 spell levels left.
You knew the following spells:

 Your Spells              Type           Power        Failure   Level  Hunger
a - Corona                Hex            ###....      1%          1    None
b - Slow                  Hex            ###.....     2%          2    ##.....
c - Cause Fear            Hex            ###.......   17%         4    ####...


Dungeon Overview and Level Annotations

Branches:
Dungeon (3/15)

Altars:
Nemelex Xobeh
Trog

Annotations:
D:3 2 transporters


Innate Abilities, Weirdness & Mutations

Your experience applies equally to all skills.
You have very sharp teeth.
Your uncanny sense of smell can sniff out nearby items.


Message History

Done exploring.
Things that are here:
a dagger; a robe All of the chunks of flesh in your inventory have rotted away.
You see here a bolt.
You swing at nothing.
d - 10 bolts (gained 1) Saving game... please wait.
Welcome back, Flooderbenga the Gnoll Arcane Marksman.
Nemelex Xobeh says: It's all in the cards!
(D) Dungeon
Where to? (? - help)
What level of the Dungeon? (default 1, ? - help)
There is a stone staircase leading up here.
You climb upwards.
There is a stone staircase leading down here.
You see here a club.
There is a staircase leading out of the dungeon here.
Are you sure you want to leave the Dungeon?
This will make you lose the game!
You have escaped!

### #.. #.. #(. #######
################## ..#...##
#@................ .......##
################## ........#
#................. ........#
#.################ ........#
#................. .......##
################## ......).##
########.#......#.#..
##.####..####...............#.#..
#.# ##...##...............#.#..


There were no monsters in sight!

Vanquished Creatures
  An orc priest (D:3)
  An orc wizard (D:2)
  Ijyb (D:3)
  Natasha (thrice) (D:3)
  An adder (D:2)
  2 oozes
  3 worms (D:2)
  4 dart slugs
  4 leopard geckos
  2 orcs (D:3)
  2 giant cockroaches
  11 goblins
  5 hobgoblins (D:2)
  2 jackals (D:2)
  2 quokkas (D:3)
  A ball python (D:3)
  3 bats
  3 frilled lizards
  11 kobolds
  8 rats
70 creatures vanquished.

Notes
Turn   | Place    | Note
-------+----------+-------------------------------------------
     0 | D:1      | Flooderbenga the Gnoll Arcane Marksman began the quest for the Orb.
     0 | D:1      | Reached XP level 1. HP: 17/17 MP: 4/4
   314 | D:1      | Reached XP level 2. HP: 16/23 MP: 5/5
   709 | D:1      | Reached XP level 3. HP: 28/28 MP: 7/7
   836 | D:1      | Found a sparkling altar of Nemelex Xobeh.
   840 | D:1      | Became a worshipper of Nemelex Xobeh the Trickster
  1259 | D:2      | Reached skill level 1 in Invocations
  1291 | D:2      | Learned a level 2 spell: Slow
  1831 | D:2      | Reached skill level 1 in Short Blades
  1831 | D:2      | Reached skill level 1 in Long Blades
  1831 | D:2      | Reached skill level 1 in Axes
  1831 | D:2      | Reached skill level 1 in Maces & Flails
  1831 | D:2      | Reached skill level 1 in Polearms
  1831 | D:2      | Reached skill level 1 in Staves
  1831 | D:2      | Reached skill level 1 in Slings
  1831 | D:2      | Reached skill level 1 in Bows
  1831 | D:2      | Reached skill level 1 in Throwing
  1831 | D:2      | Reached skill level 1 in Armour
  1831 | D:2      | Reached skill level 1 in Stealth
  1831 | D:2      | Reached skill level 1 in Shields
  1831 | D:2      | Reached skill level 1 in Unarmed Combat
  1831 | D:2      | Reached skill level 1 in Evocations
  1962 | D:2      | Reached XP level 4. HP: 34/34 MP: 5/8
  2386 | D:2      | Received a gift from Nemelex Xobeh
  2627 | D:3      | Noticed Natasha
  2695 | D:2      | Learned a level 4 spell: Cause Fear
  3106 | D:3      | Killed Natasha
  3106 | D:3      | Reached skill level 1 in Conjurations
  3106 | D:3      | Reached skill level 1 in Charms
  3106 | D:3      | Reached skill level 1 in Summonings
  3106 | D:3      | Reached skill level 1 in Necromancy
  3106 | D:3      | Reached skill level 1 in Translocations
  3106 | D:3      | Reached skill level 1 in Transmutations
  3106 | D:3      | Reached skill level 1 in Fire Magic
  3106 | D:3      | Reached skill level 1 in Ice Magic
  3106 | D:3      | Reached skill level 1 in Air Magic
  3106 | D:3      | Reached skill level 1 in Earth Magic
  3106 | D:3      | Reached skill level 1 in Poison Magic
  3153 | D:3      | Found a transporter.
  3168 | D:3      | Found a transporter.
  3195 | D:3      | Noticed Natasha
  3208 | D:3      | Reached XP level 5. HP: 40/40 MP: 7/9
  3252 | D:3      | Killed Natasha
  3340 | D:3      | Noticed Ijyb
  3374 | D:3      | Killed Ijyb
  3470 | D:3      | Noticed Natasha
  3518 | D:3      | Killed Natasha
  3615 | D:3      | Found a bloodstained altar of Trog.
  3712 | D:3      | Reached XP level 6. HP: 47/47 MP: 8/10
  3981 | D:$      | Got out of the dungeon alive.

Skill      XL: |  1  2  3  4  5  6 |
---------------+-------------------+-----
Invocations    | 1 2 |  2.0
Short Blades   | 1 |  1.8
Long Blades    | 1 |  1.8
Axes           | 1 |  1.8
Maces & Flails | 1 |  1.8
Polearms       | 1 |  1.8
Staves         | 1 |  1.8
Slings         | 1 |  1.8
Bows           | 1 |  1.8
Throwing       | 1 |  1.8
Armour         | 1 |  1.8
Stealth        | 1 |  1.8
Shields        | 1 |  1.8
Unarmed Combat | 1 |  1.8
Evocations     | 1 |  1.8
Spellcasting   | 3 |  3.3
Conjurations   | 1 |  1.4
Charms         | 1 |  1.4
Summonings     | 1 |  1.4
Necromancy     | 1 |  1.4
Translocations | 1 |  1.4
Transmutations | 1 |  1.4
Fire Magic     | 1 |  1.4
Ice Magic      | 1 |  1.4
Air Magic      | 1 |  1.4
Earth Magic    | 1 |  1.4
Poison Magic   | 1 |  1.4
Fighting       | 3 |  3.1
Crossbows      | |  4.9
Dodging        | |  4.9
Hexes          | |  5.6

Action                   |  1- 3 |  4- 6 || total
-------------------------+-------+-------++-------
Melee: Club              |    22 |       ||    22
       Dagger            |    19 |    40 ||    59
       Bite              |     6 |    16 ||    22
       Quarterstaff      |    28 |    47 ||    75
 Fire: Hand crossbow     |    44 |    19 ||    63
Throw: Stone             |    11 |    40 ||    51
 Cast: Corona            |    17 |    26 ||    43
       Slow              |     3 |     7 ||    10
       Cause Fear        |       |     3 ||     3
Evoke: Deck              |       |     1 ||     1
  Use: Potion            |     3 |     1 ||     4
       Scroll            |     5 |     1 ||     6
 Stab: Sleeping          |     1 |     1 ||     2
  Eat: Chunk             |     2 |     5 ||     7
       Ration            |     1 |       ||     1
Armor: Robe              |    21 |    15 ||    36
Dodge: Dodged            |    72 |    60 ||   132
